details: 'cooperative victims'

« prev index next »

General information

Mini Map

Players

team 1
UndeadKuKIuxKIanMan (teal | 75 APM | 2982 actions | 39:41)
Hero icon 6 Death Knight
Ability icon 3 Death Coil
Ability icon 3 Unholy Aura
Hero icon 4 Mountain King
Ability icon 3 Storm Bolt
Ability icon 1 Bash
Hero icon 1 Blademaster
Ability icon 1 Critical Strike

» actions
Assign group hotkey46
Basic commands57
Build / train200
ESC pressed18
Enter build submenu125
Enter hero's abilities submenu11
Give item / drop item1
Remove unit from queue1
Right click1291
Select / deselect636
Select group hotkey391
Use ability205
2982 total
» units
Acolyte13
Peasant16
Ghoul13
Crypt Fiend3
Troll Batrider4
Frost Wyrm5
Gargoyle8
Meatwagon8
70 total
» upgrades
Masonry5
Lumber Harvesting2
Creature Carapace3
Spiked Barricades1
Creature Attack3
Reinforced Defenses1
Magic Sentry2
Freezing Breath1
Unholy Strength3
Stone Form1
Ghoul Frenzy1
23 total
» buildings
Altar of Darkness1
Ziggurat26
Lumber Mill2
Crypt3
Graveyard1
Tomb of Relics1
Nerubian Tower7
Scout Tower65
Guard Tower42
Spirit Tower23
Arcane Tower2
Keep1
Halls of the Dead5
Castle1
Black Citadel1
Sacrificial Pit1
Arcane Vault1
Boneyard1
Arcane Sanctum3
Necropolis2
Watch Tower6
Slaughterhouse2
197 total
» build order
00:06 Altar of Darkness
00:08 Ziggurat
00:19 Lumber Mill
00:34 Crypt
00:50 Lumber Mill
01:00 Graveyard
01:14 Tomb of Relics
01:30 Ziggurat
01:51 Nerubian Tower
01:52 Nerubian Tower
01:52 Nerubian Tower
01:52 Nerubian Tower
01:56 Scout Tower
01:57 Scout Tower
02:24 Guard Tower
02:33 Spirit Tower
02:33 Spirit Tower
02:33 Spirit Tower
02:35 Guard Tower
03:00 Ziggurat
03:05 Ziggurat
03:16 Scout Tower
03:20 Scout Tower
03:40 Guard Tower
03:46 Guard Tower
03:55 Guard Tower
04:02 Scout Tower
04:07 Spirit Tower
04:09 Spirit Tower
04:15 Ziggurat
04:31 Scout Tower
04:32 Scout Tower
04:33 Scout Tower
04:34 Scout Tower
04:42 Guard Tower
04:53 Scout Tower
04:54 Scout Tower
04:55 Scout Tower
04:56 Scout Tower
05:00 Scout Tower
05:01 Scout Tower
05:07 Scout Tower
05:09 Guard Tower
05:09 Guard Tower
05:12 Spirit Tower
05:15 Ziggurat
05:20 Ziggurat
05:23 Guard Tower
05:28 Guard Tower
05:28 Guard Tower
05:37 Guard Tower
05:41 Guard Tower
05:45 Arcane Tower
06:05 Keep
06:15 Halls of the Dead
06:15 Halls of the Dead
06:31 Castle
06:47 Scout Tower
06:48 Scout Tower
06:50 Scout Tower
06:52 Scout Tower
07:05 Spirit Tower
07:06 Spirit Tower
07:21 Guard Tower
07:21 Guard Tower
07:22 Guard Tower
07:23 Guard Tower
07:25 Guard Tower
07:35 Guard Tower
07:38 Guard Tower
07:40 Guard Tower
08:07 Guard Tower
08:10 Guard Tower
08:36 Black Citadel
08:40 Sacrificial Pit
08:48 Guard Tower
10:00 Guard Tower
10:10 Arcane Vault
10:13 Guard Tower
10:34 Ziggurat
10:39 Ziggurat
11:02 Boneyard
11:43 Spirit Tower
12:18 Spirit Tower
14:42 Ziggurat
15:09 Ziggurat
16:37 Spirit Tower
17:57 Ziggurat
18:57 Arcane Sanctum
19:02 Scout Tower
19:03 Scout Tower
19:04 Scout Tower
19:05 Scout Tower
19:05 Scout Tower
19:06 Scout Tower
19:16 Scout Tower
19:17 Scout Tower
19:18 Scout Tower
19:19 Scout Tower
19:21 Scout Tower
19:22 Scout Tower
19:24 Scout Tower
19:26 Arcane Sanctum
19:36 Guard Tower
19:43 Guard Tower
19:48 Guard Tower
20:36 Spirit Tower
20:56 Guard Tower
21:03 Necropolis
21:19 Scout Tower
21:20 Scout Tower
21:23 Scout Tower
21:24 Scout Tower
21:29 Guard Tower
21:29 Guard Tower
21:41 Watch Tower
21:42 Watch Tower
21:42 Watch Tower
21:44 Watch Tower
21:45 Watch Tower
21:47 Watch Tower
21:51 Guard Tower
22:05 Scout Tower
22:08 Scout Tower
22:10 Arcane Sanctum
22:31 Guard Tower
22:46 Ziggurat
22:56 Ziggurat
23:00 Guard Tower
23:04 Scout Tower
23:06 Scout Tower
23:07 Scout Tower
23:23 Ziggurat
23:25 Ziggurat
23:37 Scout Tower
23:38 Scout Tower
23:39 Scout Tower
23:40 Scout Tower
23:41 Scout Tower
23:52 Scout Tower
23:53 Scout Tower
23:53 Scout Tower
23:57 Guard Tower
24:01 Guard Tower
24:03 Scout Tower
24:06 Scout Tower
24:17 Spirit Tower
24:22 Nerubian Tower
24:45 Guard Tower
25:54 Crypt
25:56 Crypt
27:05 Ziggurat
27:07 Ziggurat
27:09 Ziggurat
27:55 Scout Tower
27:56 Scout Tower
27:57 Scout Tower
27:59 Scout Tower
28:00 Scout Tower
28:01 Guard Tower
28:10 Scout Tower
28:11 Scout Tower
28:12 Scout Tower
28:17 Scout Tower
28:18 Scout Tower
28:19 Scout Tower
28:21 Scout Tower
28:23 Scout Tower
28:35 Guard Tower
29:47 Guard Tower
29:59 Necropolis
30:26 Slaughterhouse
30:28 Slaughterhouse
31:12 Ziggurat
31:14 Ziggurat
31:41 Ziggurat
31:43 Ziggurat
31:44 Ziggurat
32:00 Ziggurat
32:28 Spirit Tower
32:34 Spirit Tower
32:52 Ziggurat
32:54 Spirit Tower
33:11 Spirit Tower
34:00 Spirit Tower
34:00 Spirit Tower
34:01 Spirit Tower
» items
Rod of Necromancy4
Staff of Teleportation1
Periapt of Vitality1
6 total
Orcnot-circumcized (orange | 46 APM | 447 actions | 09:38)
Hero icon 1 Blademaster
Ability icon 1 Wind Walk

» actions
Assign group hotkey6
Build / train64
Enter build submenu34
Enter hero's abilities submenu2
Right click94
Select / deselect111
Select group hotkey53
Use ability83
447 total
» units
Peon15
Peasant17
Troll Batrider3
35 total
» upgrades
Ranged Weapons1
Armor1
Masonry1
Lumber Harvesting1
4 total
» buildings
Altar of Storms1
Orc Burrow5
War Mill1
Lumber Mill1
Farm15
Altar of Kings1
Scout Tower31
Watch Tower16
Guard Tower11
Keep1
Voodoo Lounge1
Stronghold2
Beastiary2
Gryphon Aviary2
Castle2
Fortress3
95 total
» build order
00:14 Altar of Storms
00:28 Orc Burrow
00:53 War Mill
00:58 Lumber Mill
01:11 Farm
01:16 Altar of Kings
01:39 Farm
01:50 Orc Burrow
02:05 Scout Tower
02:11 Farm
02:17 Watch Tower
02:19 Watch Tower
02:29 Farm
02:34 Scout Tower
02:35 Scout Tower
02:35 Scout Tower
02:40 Watch Tower
02:53 Guard Tower
03:01 Scout Tower
03:02 Scout Tower
03:12 Watch Tower
03:13 Watch Tower
03:49 Watch Tower
03:50 Watch Tower
03:52 Watch Tower
03:55 Guard Tower
03:55 Guard Tower
04:02 Scout Tower
04:03 Scout Tower
04:03 Scout Tower
04:07 Guard Tower
04:08 Keep
04:15 Watch Tower
04:26 Voodoo Lounge
04:37 Watch Tower
04:38 Watch Tower
04:38 Watch Tower
04:57 Scout Tower
04:57 Scout Tower
04:57 Scout Tower
05:20 Stronghold
05:20 Stronghold
05:35 Guard Tower
05:38 Guard Tower
05:45 Guard Tower
05:55 Orc Burrow
05:56 Orc Burrow
05:57 Orc Burrow
06:42 Watch Tower
06:42 Watch Tower
06:43 Watch Tower
06:43 Watch Tower
06:51 Scout Tower
06:51 Scout Tower
06:52 Scout Tower
06:52 Scout Tower
06:53 Scout Tower
06:55 Scout Tower
06:56 Scout Tower
06:56 Scout Tower
07:02 Scout Tower
07:03 Scout Tower
07:04 Scout Tower
07:04 Scout Tower
07:44 Beastiary
07:52 Beastiary
08:03 Guard Tower
08:06 Farm
08:07 Farm
08:07 Farm
08:07 Farm
08:07 Farm
08:08 Farm
08:09 Farm
08:17 Gryphon Aviary
08:21 Gryphon Aviary
08:26 Farm
08:26 Farm
08:26 Farm
08:26 Farm
08:38 Guard Tower
08:47 Castle
08:47 Castle
08:51 Fortress
08:52 Fortress
09:17 Scout Tower
09:17 Scout Tower
09:17 Scout Tower
» items
Healing Salve1
1 total
HumanScagnetti (green | 54 APM | 28 actions | 00:31)

» actions
Build / train3
ESC pressed1
Enter build submenu2
Right click9
Select / deselect10
Use ability3
28 total
» units
Peasant3
3 total
» buildings
Altar of Kings1
Farm1
2 total
» build order
00:03 Altar of Kings
00:04 Farm
HumanJuca (pink | 25 APM | 6 actions | 00:14)

» actions
Enter build submenu1
Right click2
Select / deselect2
Use ability1
6 total
» buildings
Altar of Kings1
1 total
» build order
00:14 Altar of Kings
team 2
UndeadLordKuKIux (red | 49 APM | 1940 actions | 39:42)
Hero icon 5 Death Knight
Ability icon 2 Death Coil
Ability icon 3 Unholy Aura

» actions
Assign group hotkey140
Basic commands147
Build / train55
Enter build submenu36
Enter hero's abilities submenu5
Give item / drop item6
Right click951
Select / deselect372
Select group hotkey139
Use ability89
1940 total
» units
Acolyte11
Ghoul7
Crypt Fiend2
Frost Wyrm10
30 total
» upgrades
Web1
Creature Attack3
Creature Carapace3
Freezing Breath1
8 total
» buildings
Crypt1
Ziggurat14
Altar of Darkness1
Graveyard3
Tomb of Relics1
Halls of the Dead1
Black Citadel1
Sacrificial Pit1
Boneyard6
Spirit Tower3
32 total
» build order
00:07 Crypt
00:10 Ziggurat
00:33 Altar of Darkness
01:30 Graveyard
01:37 Ziggurat
02:28 Tomb of Relics
03:08 Halls of the Dead
03:30 Ziggurat
05:41 Ziggurat
07:14 Black Citadel
08:08 Sacrificial Pit
08:49 Graveyard
10:04 Boneyard
10:05 Boneyard
10:09 Boneyard
12:59 Spirit Tower
13:47 Ziggurat
13:48 Ziggurat
13:48 Ziggurat
14:50 Ziggurat
14:51 Ziggurat
14:52 Ziggurat
15:23 Boneyard
17:59 Graveyard
19:42 Boneyard
19:42 Boneyard
22:32 Ziggurat
22:32 Ziggurat
22:33 Ziggurat
22:37 Spirit Tower
24:38 Spirit Tower
39:07 Ziggurat
» items
Rod of Necromancy1
Orb of Corruption1
Periapt of Vitality1
Scroll of Town Portal3
6 total
Random» OrcIDONTCAREyolo (blue | 28 APM | 1105 actions | 39:41)
Hero icon 3 Blademaster
Ability icon 1 Wind Walk
Ability icon 2 Critical Strike

» actions
Basic commands61
Build / train33
Enter build submenu88
Enter hero's abilities submenu3
Give item / drop item2
Right click501
Select / deselect315
Use ability102
1105 total
» units
Peon17
17 total
» upgrades
Spiked Barricades3
Reinforced Defenses1
4 total
» buildings
Altar of Storms1
Orc Burrow4
War Mill1
Watch Tower76
Voodoo Lounge1
Stronghold1
Fortress1
Barracks1
Great Hall2
88 total
» build order
00:22 Altar of Storms
00:27 Orc Burrow
01:19 War Mill
01:38 Orc Burrow
03:01 Watch Tower
03:51 Watch Tower
04:04 Voodoo Lounge
04:15 Watch Tower
05:05 Stronghold
05:16 Watch Tower
05:24 Watch Tower
05:54 Watch Tower
06:10 Watch Tower
06:14 Watch Tower
07:13 Watch Tower
07:18 Watch Tower
07:21 Watch Tower
07:34 Watch Tower
07:51 Watch Tower
07:55 Watch Tower
08:14 Fortress
08:39 Watch Tower
08:56 Watch Tower
09:01 Watch Tower
09:10 Orc Burrow
09:43 Watch Tower
09:47 Watch Tower
09:54 Watch Tower
10:20 Watch Tower
10:30 Watch Tower
10:34 Watch Tower
11:13 Watch Tower
11:20 Watch Tower
11:26 Watch Tower
12:20 Watch Tower
12:25 Watch Tower
12:30 Watch Tower
12:44 Watch Tower
12:49 Watch Tower
12:53 Watch Tower
12:59 Watch Tower
13:04 Watch Tower
14:15 Watch Tower
14:20 Watch Tower
14:25 Watch Tower
14:53 Watch Tower
14:57 Watch Tower
15:02 Watch Tower
15:07 Watch Tower
15:23 Orc Burrow
15:37 Watch Tower
15:54 Watch Tower
15:58 Watch Tower
16:41 Watch Tower
16:46 Watch Tower
16:50 Watch Tower
17:50 Watch Tower
17:54 Watch Tower
17:57 Watch Tower
20:50 Watch Tower
20:53 Watch Tower
20:55 Watch Tower
20:57 Watch Tower
21:05 Watch Tower
21:26 Watch Tower
21:31 Watch Tower
21:37 Watch Tower
21:43 Watch Tower
21:50 Watch Tower
22:28 Watch Tower
22:36 Watch Tower
22:46 Watch Tower
22:55 Watch Tower
23:03 Watch Tower
25:10 Watch Tower
25:12 Watch Tower
25:15 Watch Tower
25:18 Watch Tower
25:25 Watch Tower
25:57 Barracks
28:11 Watch Tower
28:14 Watch Tower
28:17 Watch Tower
28:20 Watch Tower
28:22 Watch Tower
28:26 Watch Tower
30:54 Great Hall
31:24 Great Hall
» items
Healing Salve2
Orb of Lightning3
Tiny Great Hall1
6 total
HumanxXLorDXx (purple | 35 APM | 1306 actions | 37:09)
Hero icon 5 Paladin
Ability icon 3 Holy Light
Ability icon 2 Divine Shield

» actions
Assign group hotkey23
Basic commands147
Build / train87
ESC pressed1
Enter build submenu21
Enter hero's abilities submenu5
Give item / drop item4
Remove unit from queue6
Right click342
Select / deselect391
Select group hotkey173
Use ability106
1306 total
» units
Peasant7
Footman11
Rifleman6
Mortar Team8
Knight1
Dragonhawk Rider9
Gryphon Rider7
49 total
» upgrades
Defend1
Masonry2
Backpack1
Swords2
Gunpowder2
Plating1
Armor2
Animal War Training1
Fragmentation Shards1
Lumber Harvesting1
Storm Hammers1
Cloud1
16 total
» buildings
Altar of Kings1
Farm10
Lumber Mill2
Barracks2
Blacksmith1
Arcane Vault1
Keep1
Workshop1
Castle1
Gryphon Aviary2
22 total
» build order
00:26 Altar of Kings
00:32 Farm
00:45 Lumber Mill
00:53 Lumber Mill
01:05 Barracks
01:17 Farm
01:57 Farm
02:19 Barracks
02:32 Farm
03:18 Blacksmith
03:48 Arcane Vault
05:21 Farm
06:26 Farm
08:30 Keep
08:33 Farm
09:07 Farm
09:16 Farm
10:53 Workshop
14:48 Castle
21:32 Gryphon Aviary
21:37 Gryphon Aviary
26:10 Farm
» items
Boots of Speed1
Scroll of Regeneration3
Lesser Clarity Potion2
Scroll of Town Portal2
Orb of Fire1
9 total
UndeadBravehoof (yellow | 24 APM | 753 actions | 30:44)
Hero icon 4 Dreadlord
Ability icon 2 Vampiric Aura
Ability icon 2 Sleep
Hero icon 3 Pit Lord
Ability icon 1 Howl of Terror
Ability icon 2 Cleaving Attack
Hero icon 3 Dark Ranger
Ability icon 2 Black Arrow
Ability icon 1 Life Drain

» actions
Basic commands3
Build / train62
Enter build submenu19
Enter hero's abilities submenu10
Remove unit from queue3
Right click268
Select / deselect347
Use ability40
753 total
» units
Acolyte7
Ghoul11
Abomination5
Obsidian Statue2
Meatwagon4
Crypt Fiend2
31 total
» upgrades
Unholy Strength3
Unholy Armor3
Disease Cloud1
Ghoul Frenzy1
Web1
Creature Carapace1
10 total
» buildings
Crypt1
Altar of Darkness2
Ziggurat7
Graveyard2
Halls of the Dead1
Tomb of Relics1
Black Citadel1
Slaughterhouse2
17 total
» build order
00:20 Crypt
00:24 Altar of Darkness
00:29 Ziggurat
01:25 Ziggurat
02:22 Ziggurat
03:23 Graveyard
04:11 Halls of the Dead
04:36 Ziggurat
05:54 Tomb of Relics
06:53 Ziggurat
06:56 Black Citadel
07:02 Ziggurat
07:27 Graveyard
07:46 Slaughterhouse
07:53 Slaughterhouse
13:50 Ziggurat
17:14 Altar of Darkness
» items
Circlet of Nobility1
Sacrificial Skull1
Orb of Corruption1
3 total

Chat log

(00:14 / All) LordKuKIux: SAIL! NA NA NA NA NA NA
(00:38 / All) KuKIuxKIanMan: Two little niglets
(01:17 / Allies) LordKuKIux: wood

(02:50 / Allies) LordKuKIux: anyone got spare wood?
(03:02 / Allies) LordKuKIux: gonna tech to wyrms to put an exclamation point
(03:04 / Allies) Bravehoof: now i do
(03:04 / Allies) LordKuKIux: on this victory

(06:14 / All) not-circumcized: rod is quick as hell at upgrading
(06:20 / All) not-circumcized: he wont even let me upgrade green or pink
(06:21 / All) KuKIuxKIanMan: lol
(06:27 / All) KuKIuxKIanMan: I upgraded green
(06:35 / All) KuKIuxKIanMan: and pink
(06:41 / All) KuKIuxKIanMan: only my tech is slow since UD shit is expensive
(06:45 / All) KuKIuxKIanMan: like towers
(07:28 / All) not-circumcized: this guy is unbelievable
(07:32 / All) not-circumcized: he even let me upgrade one tower
(07:39 / All) not-circumcized: wont
(07:45 / All) KuKIuxKIanMan: Yeah I am doing it myself

(09:31 / All) not-circumcized: wow
(09:38 / All) KuKIuxKIanMan: Bye!
(09:38 / Allies) LordKuKIux: wyrms coming
(10:12 / Allies) LordKuKIux: wood?

(13:10 / All) KuKIuxKIanMan: raped lol
(13:13 / All) KuKIuxKIanMan: nice tp
(13:44 / All) KuKIuxKIanMan: k
(14:28 / Allies) xXLorDXx: go kill pink
(14:53 / Allies) LordKuKIux: wood?

(19:33 / Allies) Bravehoof: i got pink
(19:39 / Allies) xXLorDXx: me too
(20:05 / Allies) xXLorDXx: castle
(20:28 / Allies) xXLorDXx: castle
(21:06 / Allies) LordKuKIux: way too many towers
(21:21 / Allies) xXLorDXx: your frozen tower
(22:03 / Allies) LordKuKIux: any wood?

(23:36 / Allies) xXLorDXx: no unit's

(27:48 / All) xXLorDXx: ops

(29:20 / Allies) xXLorDXx: red VAI SE FUDER SEU NOOB DO CARALHO
(29:32 / All) KuKIuxKIanMan: You can leave now.
(29:51 / Allies) Bravehoof: ...
(30:35 / Allies) Bravehoof: im done i have sht

(34:44 / All) LordKuKIux: lol
(34:47 / All) LordKuKIux: blue no units now
(34:49 / All) LordKuKIux: no peons
(34:51 / All) LordKuKIux: no hall
(35:00 / All) KuKIuxKIanMan: Was your side's chat good? Mine had no chat
(35:01 / All) LordKuKIux: start making siege
(35:06 / All) KuKIuxKIanMan: I am
(35:13 / All) LordKuKIux: not much chat
(35:17 / All) KuKIuxKIanMan: aw
(36:10 / All) LordKuKIux: Purple made it easy on me
(36:18 / All) LordKuKIux: destroyed his own base
(36:18 / All) KuKIuxKIanMan: How so?
(36:23 / All) KuKIuxKIanMan: lol
(36:46 / All) LordKuKIux: blue is making it easy as well

(38:03 / All) KuKIuxKIanMan: Meat wagon armour really should be upgradeable
(38:27 / All) LordKuKIux: it would be imba
(38:30 / All) LordKuKIux: because they are ranged siege
(38:46 / All) LordKuKIux: Tanks are BS too
(38:53 / All) LordKuKIux: humans get fucking tanks and morts
(38:58 / All) LordKuKIux: siege that you can heal
(39:04 / All) KuKIuxKIanMan: hu imba
(39:19 / All) LordKuKIux: Blue any thoughts?
(39:38 / All) LordKuKIux: Farewell blue